 Dungeon Crawl Stone Soup version 0.23.0 (webtiles) character file.

Game seed: 2125608156014821804

203486 Froggeryz the Executioner (level 17, -5/148 HPs)
             Began as a Minotaur Fighter on Feb 11, 2019.
             Was the Champion of Okawaru.
             Blown up by an orb spider (32 damage)
             ... with an orb of destruction
             ... on level 4 of the Spider Nest.
             The game lasted 01:24:05 (30059 turns).

Froggeryz the Executioner (Minotaur Fighter)       Turns: 30059, Time: 01:24:06

Health: -5/148     AC: 31    Str: 42      XL:     17   Next: 98%
Magic:  2/23       EV: 17    Int:  1 (2)  God:    Okawaru [******]
Gold:   2712       SH:  0    Dex: 14      Spells: 16/16 levels left

rFire    . . .     SeeInvis +   S - +8 battleaxe of the Revolution {vamp, rC- Str+6 Dex+3 SInv}
rCold    . . .     Gourm    .   (shield currently unavailable)
rNeg     + . .     Faith    .   V - +9 pearl dragon scales of Biupean {rElec rPois rN+ Int-3}
rPois    +         Spirit   .   H - +0 hat {SInv}
rElec    +         Reflect  .   M - +0 cloak
rCorr    .         Harm     .   L - +1 pair of gloves {Str+3}
MR       +....                  (no boots)
Stlth    ..........             u - amulet "Esaank" {+Rage Str+6}
HPRegen  0.34/turn              U - ring of protection from cold
MPRegen  0.18/turn              E - +2 ring of protection

@: lethally poisoned (-5 -> -35)
A: retaliatory headbutt, horns 2
}: 1/15 runes: decaying
a: Heroism, Finesse, Renounce Religion, Evoke Berserk Rage


You were on level 4 of the Spider Nest.
You worshipped Okawaru.
Okawaru was exalted by your worship.
You were not hungry.

You visited 6 branches of the dungeon, and saw 32 of its levels.
You also visited: Ice Cave and Volcano.

You collected 2947 gold pieces.
You spent 235 gold pieces at shops.

Inventory:

Hand Weapons
 z - a +3 war axe of freezing
 N - a +6 executioner's axe of flaming
 S - the +8 battleaxe of the Revolution (weapon) {vamp, rC- Str+6 Dex+3 SInv}
   (Okawaru gifted it to you on level 4 of the Lair of Beasts)

   It inflicts no extra harm, but heals its wielder when it wounds a living foe.
   It affects your strength (+6).
   It affects your dexterity (+3).
   It makes you vulnerable to cold.
   It lets you see invisible.
 Y - the +14 obsidian axe {chop, +Fly SInv *Curse}
   (Okawaru gifted it to you on level 3 of the Spider Nest)

   It inflicts extra damage upon your enemies.
   It lets you see invisible.
   It lets you fly.
   It curses itself when equipped.
Missiles
 R - 2 javelins (quivered)
Armour
 l - a +1 pair of gloves of archery
 H - a +0 hat of see invisible (worn)
 L - a +1 pair of gloves of strength (worn)
 M - a +0 cloak (worn)
 V - the +9 pearl dragon scales of Biupean (worn) {rElec rPois rN+ Int-3}
   (Okawaru gifted it to you on level 6 of the Lair of Beasts)

   It affects your intelligence (-3).
   It insulates you from electricity.
   It protects you from poison.
   It protects you from negative energy.
Jewellery
 k - an uncursed ring of positive energy
 o - an uncursed ring of resist corrosion
 u - the amulet "Esaank" (around neck) {+Rage Str+6}
   (You took it off a meliai on level 12 of the Dungeon)

   [amulet of rage]

   It affects your strength (+6).
   It lets you go berserk.
 y - an uncursed amulet of the gourmand
 D - an uncursed amulet of faith
 E - a +2 ring of protection (right hand)
 Q - an uncursed ring of ice
 U - a ring of protection from cold (left hand)
Wands
 b - a wand of digging (9)
 g - a wand of disintegration (11)
 h - a wand of enslavement (13)
 m - a wand of iceblast (4)
 P - a wand of flame (42)
 W - a wand of acid (11)
Scrolls
 e - 13 scrolls of remove curse
 i - 6 scrolls of fog
 j - 3 scrolls of teleportation
 v - 7 scrolls of blinking
 w - 2 scrolls of magic mapping
 x - 6 scrolls of amnesia
 A - 8 scrolls of identify
 G - a scroll of holy word
 I - 6 scrolls of enchant armour
 J - 2 scrolls of fear
 T - a scroll of brand weapon
Potions
 a - 6 potions of heal wounds
 c - 2 potions of resistance
 d - 9 potions of might
 n - 5 potions of cancellation
 q - 6 potions of curing
 r - 2 potions of magic
 s - 7 potions of flight
 B - 3 potions of agility
 C - 6 potions of brilliance
 O - 3 potions of haste
Miscellaneous
 F - a lightning rod (4/4)
 K - a phantom mirror
 X - a lamp of fire
 Z - a lamp of fire
Comestibles
 f - 37 rations


   Skills:
 + Level 12.5 Fighting
 * Level 25.2 Axes
 + Level 13.2 Armour
 - Level 10.0 Dodging
   Level 9.0 Shields
 - Level 9.0 Invocations
 - Level 10.1 Evocations


You had 16 spell levels left.
You didn't know any spells.
Your spell library contained the following spells:

 Spells                   Type           Power        Failure   Level  Hunger
 Animate Skeleton         Necr           N/A          75%         1    ##.....
 Apportation              Tloc           #.....       75%         1    ##.....
 Beastly Appendage        Tmut           #.....       75%         1    ##.....
 Confusing Touch          Hex            #.....       75%         1    ##.....
 Corona                   Hex            #......      75%         1    ##.....
 Flame Tongue             Conj/Fire      #....        75%         1    ##.....
 Infusion                 Chrm           #...         75%         1    ##.....
 Magic Dart               Conj           #...         75%         1    ##.....
 Summon Small Mammal      Summ           #...         75%         1    ##.....
 Blink                    Tloc           N/A          86%         2    ###....
 Call Imp                 Summ           #.......     86%         2    ###....
 Ensorcelled Hibernation  Hex/Ice        #.....       86%         2    ###....
 Searing Ray              Conj           #.....       86%         2    ###....
 Slow                     Hex            #.......     86%         2    ###....
 Song of Slaying          Chrm           #.......     86%         2    ###....
 Sticks to Snakes         Tmut           #.......     86%         2    ###....
 Throw Flame              Conj/Fire      #.....       86%         2    ###....
 Call Canine Familiar     Summ           #.......     98%         3    ####...
 Confuse                  Hex            #.......     98%         3    ####...
 Conjure Flame            Conj/Fire      #.......     98%         3    ####...
 Dazzling Spray           Conj/Hex       #.....       98%         3    ####...
 Inner Flame              Hex/Fire       #.......     98%         3    ####...
 Mephitic Cloud           Conj/Pois/Air  #.......     98%         3    ####...
 Ozocubu's Armour         Chrm/Ice       #.......     98%         3    ####...
 Recall                   Summ/Tloc      N/A          98%         3    ####...
 Spider Form              Tmut/Pois      #.........   98%         3    ####...
 Summon Guardian Golem    Hex/Summ       #.......     98%         3    ####...
 Tukima's Dance           Hex            #.......     98%         3    ####...
 Force Lance              Conj/Tloc      #.......     100%        4    #####..
 Fulminant Prism          Conj/Hex       #.........   100%        4    #####..
 Ice Form                 Ice/Tmut       #.......     100%        4    #####..
 Iskenderun's Mystic Bla  Conj           #.......     100%        4    #####..
 Leda's Liquefaction      Hex/Erth       #.........   100%        4    #####..
 Sticky Flame             Conj/Fire      #.......     100%        4    #####..
 Summon Ice Beast         Ice/Summ       #.......     100%        4    #####..
 Summon Lightning Spire   Summ/Air       #.......     100%        4    #####..
 Blade Hands              Tmut           #.........   100%        5    ######.
 Bolt of Magma            Conj/Fire/Erth #.........   100%        5    ######.
 Fireball                 Conj/Fire      #.........   100%        5    ######.
 Iskenderun's Battlesphe  Conj/Chrm      #.......     100%        5    ######.
 Venom Bolt               Conj/Pois      #.........   100%        5    ######.
 Iron Shot                Conj/Erth      #.........   100%        6    #######
 Statue Form              Tmut/Erth      #........    100%        6    #######
 Orb of Destruction       Conj           #.........   100%        7    #######
 Spellforged Servitor     Conj/Summ      #.........   100%        7    #######
 Shatter                  Erth           #.........   100%        9    #######


Dungeon Overview and Level Annotations

Branches:
Dungeon (15/15)            Temple (1/1) D:7            Lair (6/6) D:11
  Swamp (4/4) Lair:2       Spider (4/4) Lair:4        Slime (0/5) Lair:6
    Orc (2/2) D:12            Elf (0/3) Orc:2        Vaults (0/5) D:14
 Depths (0/5) D:15

Altars:
Ashenzari
Elyvilon
Fedhas
Gozag
Hepliaklqana
Kikubaaqudgha
Nemelex Xobeh
Okawaru
Ru
Trog
Xom
Zin
The Shining One
Beogh

Shops:
D:4 *   D:14 ?:   Orc:2 %!}[

Portals:
Pandemonium: Orc:2

Annotations:
D:5 2 transporters, PeterQ's ghost, novice OpFi
Lair:5 exclusion: 4 oklob plants
Lair:6 exclusion: 3 oklob plants


Innate Abilities, Weirdness & Mutations

You reflexively headbutt those who attack you in melee.
You have a pair of horns on your head.


Message History

An orb of destruction comes into view.
The orb of destruction hits you!!!
* * * LOW HITPOINT WARNING * * *
The orb spider weaves a glowing orb of energy.
The orb spider spins a strand of pure energy. x2
The emperor scorpion stings you.
* * * LOW HITPOINT WARNING * * *
You are lethally poisoned!
The emperor scorpion poisons you!
The emperor scorpion claws you but does no damage. x2
An orb of destruction comes into view.
There is a stone staircase leading up, spattered with blood here.
You see here a glowing battleaxe {god gift}.
Unknown command.
Unknown command.
Unknown command.
* * * LOW HITPOINT WARNING * * *
You feel very sick. The orb of destruction hits you!!
You die...

...............
........°......
..^s.....^.....
...............
.........s.....
....s...*.s....
........s○.....
......†°†..°...
......†@s......
.......†○......
........°s.....
.........s.....
...............
...............
....(.^........
..........##...


You could see an emperor scorpion, 5 orb spiders and 2 jumping spiders.

Vanquished Creatures
  Jorgrun (Spider:2)
  Rupert (Lair:4)
  3 ghost moths
  3 emperor scorpions
  A ghost moth (shapeshifter) (D:15)
  A stone giant (Orc:2)
  4 entropy weavers
  A very ugly thing (Swamp:1)
  Nessos (Orc:2)
  Snorg (Orc:2)
  Josephine (D:15)
  A rakshasa (D:12)
  2 ice dragons (IceCv)
  3 ghost crabs
  29 hydras
  7 two-headed ogres
  A death knight (D:15)
  2 dancing weapons (D:14)
  The ghost of Faedony the Insei, a journeyman OpTm of Cheibriados (D:10)
  8 centaur warriors
  2 shambling mangroves
  Erica (Lair:1)
  4 death yaks (Lair:4)
  14 alligators
  8 orc high priests (Orc:2)
  A tengu warrior (D:12)
  2 sun demons (Orc:2)
  2 torturous demonspawn (Orc:2)
  5 unseen horrors
  4 spriggan druids
  A wizard (Swamp:1)
  6 deep elf magi
  7 swamp dragons (Swamp:4)
  Pikel (D:4)
  5 orc knights
  The ghost of McKennaii the Ruffian, a novice DrTm (D:8)
  11 orb spiders
  19 wolf spiders
  5 cyclopes (D:12)
  5 orc sorcerers (Orc:2)
  A salamander (D:15)
  3 manticores
  15 ugly things
  5 elephants
  7 black mambas
  5 centaur zombies
  2 ice statues (IceCv)
  2 torpor snails
  2 orange demons (Orc:2)
  A rust devil (Orc:2)
  2 gargoyles
  16 spiny frogs
  2 kobold demonologists
  An efreet (D:14)
  7 komodo dragons
  3 rime drakes
  10 demonic crawlers
  4 freezing wraiths (D:15)
  2 tengu conjurers
  5 polar bears
  4 meliai
  25 jumping spiders
  A queen bee (shapeshifter) (D:13)
  A red devil (Orc:2)
  23 hornets
  2 trolls (Orc:1)
  A wolf spider simulacrum (D:15)
  16 tyrant leeches
  3 blink frogs (Lair:4)
  5 bog bodies
  A raiju (shapeshifter) (D:13)
  9 hippogriffs
  A dream sheep (Lair:6)
  A centaur simulacrum (D:15)
  4 shadows
  43 redbacks
  24 spriggans
  10 wraiths
  A vampire (D:15)
  22 tarantellas
  A ynoxinul (Orc:2)
  28 yaks
  2 wyverns
  3 basilisks
  A steam dragon (D:10)
  4 hungry ghosts
  8 vampire mosquitoes
  10 insubstantial wisps
  12 swamp worms
  4 wargs (Orc:2)
  A soldier ant (D:11)
  An acid dragon (D:12)
  8 water moccasins
  A floating eye (Lair:6)
  19 ice beasts
  13 swamp drakes
  10 porcupines
  4 slaves
  44 orc warriors
  5 sky beasts
  5 black bears
  10 ogres
  5 boggarts
  3 phantoms
  18 centaurs
  16 wolves (Lair:6)
  4 big kobolds
  9 crocodiles
  23 bullfrogs
  2 wyvern zombies
  3 scorpions
  2 water moccasin skeletons
  9 wights
  6 howler monkeys
  3 electric eels
  7 crimson imps
  2 bullfrog zombies
  3 quasits
  23 orc priests
  10 hounds
  A bullfrog skeleton (D:10)
  4 jellies
  7 centaur skeletons
  Jessica (D:3)
  Ijyb (D:3)
  9 iguanas
  Natasha (twice) (D:3)
  29 orc wizards
  12 worker ants
  A hound zombie (D:5)
  A hound skeleton (D:7)
  A howler monkey zombie (D:5)
  A worker ant zombie (D:9)
  Robin (D:3)
  17 adders
  14 gnolls
  4 shadow imps
  4 oozes
  4 worms
  4 dart slugs
  3 leopard geckos
  99 orcs
  3 ball pythons
  3 bats
  4 giant cockroaches
  12 goblins
  9 hobgoblins
  3 jackals (D:5)
  6 quokkas
  3 frilled lizards
  22 kobolds
  A leopard gecko skeleton (D:5)
  A leopard gecko zombie (D:5)
  8 rats
  3 fungi
  3 plants
1111 creatures vanquished.

Vanquished Creatures (collateral kills)
  Roxanne (Swamp:3)
1 creature vanquished.

Vanquished Creatures (others)
  A hydra (Swamp:4)
  An alligator (Swamp:4)
  A jumping spider (Spider:3)
  A tyrant leech (Swamp:3)
  A redback (Spider:1)
  A centaur skeleton (D:7)
  A worm (D:2)
  An orc (Orc:2)
  A kobold (D:13)
  2 fungi
  8 plants
19 creatures vanquished.

Grand Total: 1131 creatures vanquished

Notes
Turn   | Place    | Note
-------+----------+-------------------------------------------
     0 | D:1      | Froggeryz the Minotaur Fighter began the quest for the Orb.
     0 | D:1      | Reached XP level 1. HP: 19/19 MP: 0/0
   499 | D:1      | Reached skill level 3 in Axes
   499 | D:1      | Reached XP level 2. HP: 24/27 MP: 1/1
   836 | D:2      | You fall through a shaft!
  1009 | D:2      | Found a glowing golden altar of the Shining One.
  1257 | D:2      | Reached XP level 3. HP: 32/33 MP: 2/2
  1297 | D:2      | Reached skill level 4 in Axes
  1388 | D:2      | Reached XP level 4. HP: 33/40 MP: 3/3
  1932 | D:3      | Noticed Robin
  1932 | D:3      | Noticed Natasha
  2112 | D:3      | Killed Robin
  2119 | D:3      | Killed Natasha
  2119 | D:3      | Reached XP level 5. HP: 39/47 MP: 4/4
  2143 | D:3      | Noticed Jessica
  2148 | D:3      | Killed Jessica
  2148 | D:3      | Reached skill level 5 in Axes
  2173 | D:3      | Reached skill level 5 in Fighting
  2173 | D:3      | Reached skill level 5 in Shields
  2291 | D:3      | Found a glowing silver altar of Zin.
  2292 | D:3      | Found a shimmering altar of Xom.
  2292 | D:3      | Found an iron altar of Okawaru.
  2294 | D:3      | Found a shattered altar of Ashenzari.
  2294 | D:3      | Found a sparkling altar of Nemelex Xobeh.
  2296 | D:3      | Found a blossoming altar of Fedhas.
  2297 | D:3      | Found an opulent altar of Gozag.
  2301 | D:3      | Became a worshipper of Warmaster Okawaru
  2382 | D:3      | Found a white marble altar of Elyvilon.
  2425 | D:3      | Noticed Natasha
  2433 | D:3      | Killed Natasha
  2535 | D:3      | Reached XP level 6. HP: 51/56 MP: 5/5
  2545 | D:3      | Noticed Ijyb
  2555 | D:3      | Killed Ijyb
  2804 | D:4      | Reached skill level 6 in Axes
  3025 | D:4      | Reached XP level 7. HP: 41/62 MP: 6/6
  3033 | D:4      | Noticed Pikel
  3409 | D:4      | Reached * piety under Okawaru
  3412 | D:4      | Reached skill level 7 in Axes
  3419 | D:4      | Found Kutig's Serpentskin Sales.
  3682 | D:4      | Bought a +0 blowgun for 25 gold pieces
  3850 | D:4      | Killed Pikel
  3850 | D:4      | Reached ** piety under Okawaru
  3850 | D:4      | Reached skill level 8 in Axes
  3850 | D:4      | Reached XP level 8. HP: 68/71 MP: 7/7
  3930 | D:5      | Entered Level 5 of the Dungeon
  4089 | D:5      | Reached *** piety under Okawaru
  4089 | D:5      | Reached skill level 9 in Axes
  4095 | D:5      | Found an ancient bone altar of Kikubaaqudgha.
  4283 | D:5      | Found a transporter.
  4285 | D:5      | Found a transporter.
  4321 | D:5      | Noticed PeterQ's ghost (novice OpFi)
  4618 | D:5      | Found a hazy altar of Hepliaklqana.
  4678 | D:6      | Reached skill level 10 in Axes
  4730 | D:6      | Reached XP level 9. HP: 48/81 MP: 8/8
  4742 | D:6      | Reached **** piety under Okawaru
  4771 | D:6      | Found a bloodstained altar of Trog.
  5137 | D:6      | Reached skill level 11 in Axes
  5249 | D:6      | Found a sparkling altar of Nemelex Xobeh.
  5308 | D:7      | Found a staircase to the Ecumenical Temple.
  5452 | D:7      | Found a sacrificial altar of Ru.
  5647 | D:7      | Reached ***** piety under Okawaru
  5647 | D:7      | Reached skill level 1 in Dodging
  5765 | D:7      | Reached skill level 12 in Axes
  5822 | D:7      | Received a gift from Okawaru
  6015 | D:7      | Reached XP level 10. HP: 45/91 MP: 9/9
  6341 | Temple   | Entered the Ecumenical Temple
  6616 | D:8      | Found a runed translucent gate.
  6616 | D:8      | Found a runed translucent gate.
  6618 | D:8      | Found a runed translucent gate.
  6620 | D:8      | Identified the +11 long sword of Forgiveness {venom, *Drain
                  | rElec rC+ MR++}
  6621 | D:8      | Found a roughly hewn altar of Beogh.
  6621 | D:8      | Noticed McKennaii's ghost (novice DrTm)
  6642 | D:8      | Killed McKennaii's ghost
  6841 | D:8      | Reached skill level 10 in Fighting
  7372 | D:9      | Reached skill level 13 in Axes
  7893 | D:10     | Entered Level 10 of the Dungeon
  8078 | D:10     | Reached skill level 1 in Invocations
  8105 | D:10     | Reached skill level 5 in Dodging
  8171 | D:10     | Reached skill level 5 in Armour
  8188 | D:10     | Found a large runed translucent door.
  8188 | D:10     | Found a large runed translucent door.
  8315 | D:10     | Noticed a green ugly thing
  8324 | D:10     | Killed a green ugly thing
  8324 | D:10     | Reached XP level 11. HP: 99/99 MP: 11/11
  8573 | D:10     | Noticed Faedony's ghost (journeyman OpTm)
  8597 | D:10     | Killed Faedony's ghost
  8597 | D:10     | Reached skill level 14 in Axes
  8627 | D:11     | Noticed a two-headed ogre
  8636 | D:11     | Killed a two-headed ogre
  8923 | D:11     | Noticed a white ugly thing
  8937 | D:11     | Killed a white ugly thing
  9324 | D:11     | Found a staircase to the Lair.
 10250 | D:11     | Received a gift from Okawaru
 10376 | D:12     | Found a frozen archway.
 10393 | IceCv    | Entered an ice cave
 10426 | IceCv    | Reached skill level 15 in Axes
 11062 | IceCv    | Received a gift from Okawaru
 11436 | IceCv    | Noticed an ice dragon
 11449 | IceCv    | Killed an ice dragon
 11449 | IceCv    | Received a gift from Okawaru
 11449 | IceCv    | Reached XP level 12. HP: 22/106 MP: 14/14
 11450 | IceCv    | Got a scorched short sword {god gift}
 11766 | IceCv    | Noticed an ice dragon
 11774 | IceCv    | Killed an ice dragon
 11774 | IceCv    | Reached skill level 5 in Invocations
 12102 | D:12     | Noticed a two-headed ogre
 12116 | D:12     | Killed a two-headed ogre
 12116 | D:12     | Reached ****** piety under Okawaru
 12167 | D:12     | Noticed a two-headed ogre
 12178 | D:12     | Killed a two-headed ogre
 12178 | D:12     | Received a gift from Okawaru
 12179 | D:12     | Got an ichor-stained mace {god gift}
 12465 | D:12     | Reached skill level 16 in Axes
 12468 | D:12     | Noticed a rakshasa
 12469 | D:12     | Identified the amulet "Esaank" {+Rage Str+6}
 12472 | D:12     | Noticed a six-headed hydra
 12483 | D:12     | Noticed a tengu warrior
 12840 | D:12     | Noticed a six-headed hydra
 12847 | D:12     | Killed a six-headed hydra
 12854 | D:12     | Killed a six-headed hydra
 12870 | D:12     | Noticed a two-headed ogre
 12885 | D:12     | Killed a two-headed ogre
 13174 | D:12     | Killed a tengu warrior
 13174 | D:12     | Received a gift from Okawaru
 13214 | Lair:1   | Entered Level 1 of the Lair of Beasts
 13293 | Lair:1   | Reached XP level 13. HP: 96/113 MP: 17/17
 13541 | Lair:1   | Noticed Erica
 13554 | Lair:1   | Killed Erica
 14189 | Lair:2   | Found a staircase to the Swamp.
 14212 | Lair:2   | Reached skill level 17 in Axes
 16124 | Lair:4   | Received a gift from Okawaru
 16204 | Lair:4   | Reached skill level 10 in Armour
 16293 | Lair:4   | Received a gift from Okawaru
 16375 | Lair:4   | Found a dark tunnel.
 16382 | Volcano  | Entered a volcano
 16499 | Lair:4   | Identified the +3 leather armour of Honour {*Contam rElec
                  | Int+6}
 16499 | Lair:4   | Noticed Rupert
 16535 | Lair:4   | Killed Rupert
 16535 | Lair:4   | Received a gift from Okawaru
 16539 | Lair:4   | Got a shimmering battleaxe {god gift}
 16540 | Lair:4   | Identified the +8 battleaxe of the Revolution {vamp, rC-
                  | Str+6 Dex+3 SInv} (Okawaru gifted it to you on level 4 of
                  | the Lair of Beasts)
 16625 | Lair:4   | Reached skill level 10 in Dodging
 16693 | Lair:4   | Found a hole to the Spider Nest.
 16949 | Lair:5   | Reached skill level 18 in Axes
 17908 | Lair:6   | Entered Level 6 of the Lair of Beasts
 18070 | Lair:6   | Received a gift from Okawaru
 18083 | Lair:6   | Got fine pearl dragon scales {god gift}
 18085 | Lair:6   | Identified the +9 pearl dragon scales of Biupean {rElec
                  | rPois rN+ Int-3} (Okawaru gifted it to you on level 6 of
                  | the Lair of Beasts)
 18337 | Lair:6   | Paralysed by a floating eye for 2 turns
 18341 | Lair:6   | Paralysed by a floating eye for 2 turns
 18488 | Lair:6   | Found a staircase to the Slime Pits.
 18695 | Lair:6   | Reached XP level 14. HP: 121/121 MP: 19/19
 18932 | Lair:6   | Reached skill level 1 in Evocations
 18947 | Lair:6   | Identified Zeokhler's Reference Book on Augmentations and
                  | Displacement
 19489 | D:12     | Reached skill level 19 in Axes
 19500 | D:12     | Found a staircase to the Orcish Mines.
 20917 | D:14     | Received a gift from Okawaru
 20920 | D:14     | Found a gate to the Vaults.
 20923 | D:14     | Got an ichor-stained plate armour {god gift}
 20924 | D:14     | Identified the +4 plate armour "Onkadwuh" {*Corrode rPois
                  | MR+ Int+6} (Okawaru gifted it to you on level 14 of the
                  | Dungeon)
 20943 | D:14     | Reached skill level 20 in Axes
 21029 | D:14     | HP: 3/121 [white ugly thing (28)]
 21186 | D:14     | Reached skill level 5 in Evocations
 21386 | D:14     | Found an opulent altar of Gozag.
 21415 | D:14     | Reached XP level 15. HP: 126/126 MP: 20/20
 21437 | D:14     | Found Olegannush's Magic Scroll Shoppe.
 21457 | D:14     | Bought a scroll of teleportation for 45 gold pieces
 21457 | D:14     | Bought a scroll of teleportation for 45 gold pieces
 21500 | D:14     | Found Kagrouxi's Book Emporium.
 21685 | D:15     | Entered Level 15 of the Dungeon
 21810 | D:15     | Received a gift from Okawaru
 21863 | D:15     | Reached skill level 21 in Axes
 21942 | D:15     | Found a staircase to the Depths.
 21954 | D:15     | Noticed a ghost moth
 21954 | D:15     | an alligator changed into a ghost moth
 21957 | D:15     | Killed a ghost moth
 22141 | D:15     | Received a gift from Okawaru
 22163 | D:15     | Noticed Josephine
 22170 | D:15     | Killed Josephine
 22521 | Orc:1    | Entered Level 1 of the Orcish Mines
 22617 | Orc:1    | Found a roughly hewn altar of Beogh.
 22649 | Orc:1    | Found a roughly hewn altar of Beogh.
 22969 | Orc:2    | Entered Level 2 of the Orcish Mines
 23117 | Orc:2    | Found a staircase to the Elven Halls.
 23141 | Orc:2    | Noticed Nessos
 23154 | Orc:2    | Killed Nessos
 23239 | Orc:2    | Noticed Snorg
 23249 | Orc:2    | Killed Snorg
 23351 | Orc:2    | Found Xixecox's Distillery.
 23355 | Orc:2    | Found Worez's Food Shoppe.
 23370 | Orc:2    | Reached skill level 22 in Axes
 23573 | Orc:2    | Received a gift from Okawaru
 23649 | Orc:2    | Reached XP level 16. HP: 116/134 MP: 21/21
 23680 | Orc:2    | Found Maxaa's Antique Armour Shop.
 23680 | Orc:2    | Found Hainwu's Gadget Boutique.
 23687 | Orc:2    | Found a one-way gate leading to the halls of Pandemonium.
 23795 | Orc:2    | Bought a pair of glowing gloves for 120 gold pieces
 24270 | Swamp:1  | Entered Level 1 of the Swamp
 24765 | Swamp:3  | Noticed Roxanne
 24781 | Swamp:3  | Killed Roxanne
 25042 | Swamp:4  | Entered Level 4 of the Swamp
 25069 | Swamp:4  | Reached skill level 23 in Axes
 25223 | Swamp:4  | Received a gift from Okawaru
 25251 | Swamp:4  | Reached skill level 10 in Evocations
 25269 | Swamp:4  | Got a decaying rune of Zot
 25771 | Swamp:2  | Received a gift from Okawaru
 26194 | Swamp:2  | Reached skill level 24 in Axes
 26577 | Swamp:1  | Reached XP level 17. HP: 136/141 MP: 23/23
 27226 | Spider:1 | Entered Level 1 of the Spider Nest
 27844 | Spider:2 | Noticed Jorgrun
 27871 | Spider:2 | Killed Jorgrun
 27871 | Spider:2 | Received a gift from Okawaru
 28997 | Spider:3 | Reached skill level 25 in Axes
 29084 | Spider:3 | Received a gift from Okawaru
 29085 | Spider:3 | Found the +14 obsidian axe {chop, +Fly SInv *Curse}
 29791 | Spider:4 | Entered Level 4 of the Spider Nest
 30050 | Spider:4 | Received a gift from Okawaru
 30059 | Spider:4 | Blown up by an orb spider

Skill      XL: |  1  2  3  4  5  6  7  8  9 10 11 12 13 14 15 16 17 |
---------------+----------------------------------------------------+-----
Axes           | 3 4 5 6 8 10 12 13 15 16 18 20 22 24 25 | 25.2
Shields        | 4 5 6 7 9 |  9.0
Fighting       | 4 5 6 7 9 10 12 | 12.5
Dodging        | 2 5 7 8 10 | 10.0
Armour         | 5 7 9 11 13 | 13.2
Invocations    | 1 4 6 8 9 |  9.0
Evocations     | 5 8 10 | 10.1

Action                   |  1- 3 |  4- 6 |  7- 9 | 10-12 | 13-15 | 16-18 || total
-------------------------+-------+-------+-------+-------+-------+-------++-------
Melee: War axe           |    71 |   123 |   261 |   490 |   673 |       ||  1618
       Headbutt          |    11 |    17 |    42 |   109 |   313 |   204 ||   696
       Executioner's axe |       |       |       |    17 |       |       ||    17
       Battleaxe         |       |       |       |       |   488 |   740 ||  1228
 Fire: Blowgun           |       |       |     4 |       |       |       ||     4
 Abil: Evoke Berserk Rag |       |       |       |     1 |     2 |     1 ||     4
Evoke: Wand              |       |       |     3 |    29 |    35 |       ||    67
       Box of beasts     |       |       |       |       |       |     1 ||     1
  Use: Scroll            |       |     5 |     8 |    12 |    12 |     7 ||    44
       Potion            |       |       |     1 |     3 |     4 |     1 ||     9
 Stab: Paralysed         |       |       |       |     3 |       |       ||     3
       Distracted        |       |       |       |       |       |     1 ||     1
       Confused          |       |       |       |       |       |     1 ||     1
  Eat: Chunk             |     1 |     6 |    20 |    23 |    24 |    20 ||    94
       Ration            |       |       |     1 |     1 |     5 |     1 ||     8
Armor: Scale mail        |    28 |    46 |    50 |       |       |       ||   124
       Ring mail         |       |       |     7 |   120 |    34 |       ||   161
       Pearl dragon scal |       |       |       |       |   344 |   672 ||  1016
Dodge: Dodged            |    16 |    49 |    63 |   141 |   555 |   773 ||  1597
Block: Shield            |    35 |    77 |   118 |   212 |   269 |       ||   711
